PCL
HOUSTON HAMMERTIME @ SAN JOSE MISSIONS
07/22/2024
 
TOP OF THE 1ST
Houston Hammertime batting - Pitching for San Jose Missions : RHP Bob Cunningham
Pitching: RHP Bob Cunningham
Batting: RHB Domingo Matos 0-0: SINGLE (Flyball, 9LS)
Batting: LHB Bryce Hopkins 0-0: Called Strike
0-1: Ball
1-1: Foul Ball, location: 2F
1-2: Ball
2-2: Foul Ball, location: 2F
2-2: Ball
3-2: Base on Balls
Domingo Matos to second
Batting: SHB Cristo Ontiveros 0-0: Ball
1-0: Ball
2-0: Ball
3-0: Base on Balls
Domingo Matos to third
Bryce Hopkins to second
Batting: RHB Earl Wiggins 0-0: Ball
1-0: Fly out, F7 (Flyball, 7S)
Batting: RHB Raúl Salas 0-0: Called Strike
0-1: Foul Ball, location: 2F
0-2: Reached on error, E6 (Groundball, 6)
Domingo Matos scores
Bryce Hopkins to third
Cristo Ontiveros to second
Batting: LHB Pat Jones 0-0: Ball
1-0: Ball
2-0: Called Strike
2-1: Ball
3-1: SINGLE (Line Drive, 6MD)
Bryce Hopkins scores
Cristo Ontiveros to third
Raúl Salas to second
Batting: RHB Moo-hyun Pak 0-0: Ball
1-0: Ball
2-0: Ball
3-0: Base on Balls
Cristo Ontiveros scores
Raúl Salas to third
Pat Jones to second
Batting: LHB Fernando Camacho 0-0: Swinging Strike
0-1: Swinging Strike
0-2: Fly out, F5 (Popup, 5L)
Batting: RHB Santo Cruz 0-0: Ball
1-0: Ball
2-0: Called Strike
2-1: Ball
3-1: Base on Balls
Raúl Salas scores
Pat Jones to third
Moo-hyun Pak to second
Batting: RHB Domingo Matos 0-0: Ball
1-0: DOUBLE (Line Drive, 78S)
Pat Jones scores
Moo-hyun Pak scores
Santo Cruz to third
Batting: LHB Bryce Hopkins 0-0: Ball
1-0: Ball
2-0: Called Strike
2-1: Ball
3-1: Fly out, F8 (Flyball, 89D)
Top of the 1st over - 6 run(s), 3 hit(s), 1 error(s), 2 left on base; Houston 6 - San Jose 0
BOTTOM OF THE 1ST
San Jose Missions batting - Pitching for Houston Hammertime : RHP Andrés Rivera
Pitching: RHP Andrés Rivera
Batting: RHB Luis Antonio Rosas 0-0: Called Strike
0-1: Bunt missed!
0-2: SINGLE (Groundball, 34)
Batting: RHB Joe Broadhead 0-0: Grounds into double play, 4-6-3 (Groundball, 4)
Batting: LHB Miguel Montés 0-0: Ball
1-0: Swinging Strike
1-1: Ball
2-1: Called Strike
2-2: Foul Ball, location: 2F
2-2: Foul Ball, location: 2F
2-2: Ball
3-2: Foul Ball, location: 2F
3-2: SINGLE (Groundball, 5D)
Batting: RHB Armando López 0-0: Called Strike
0-1: Ball
Miguel Montés steals 2nd base
1-1: Foul Ball, location: 2F
1-2: Ground out 6-3 (Groundball, 6S)
Bottom of the 1st over - 0 run(s), 2 hit(s), 0 error(s), 1 left on base; Houston 6 - San Jose 0
TOP OF THE 2ND
Houston Hammertime batting - Pitching for San Jose Missions : RHP Bob Cunningham
Batting: SHB Cristo Ontiveros 0-0: Foul Ball, location: 2F
0-1: Ball
1-1: Called Strike
1-2: Ball
2-2: Ball
3-2: Fly out, F9 (Flyball, 89D)
Batting: RHB Earl Wiggins 0-0: Ball
1-0: Ball
2-0: Ball
3-0: Called Strike
3-1: Foul Ball, location: 2F
3-2: Fly out, F8 (Flyball, 78D)
Batting: RHB Raúl Salas 0-0: Called Strike
0-1: DOUBLE (Flyball, 78XD)
Batting: LHB Pat Jones 0-0: Swinging Strike
0-1: Ball
1-1: Called Strike
1-2: Fly out, F6 (Popup, 56D)
Top of the 2nd over - 0 run(s), 1 hit(s), 0 error(s), 1 left on base; Houston 6 - San Jose 0
BOTTOM OF THE 2ND
San Jose Missions batting - Pitching for Houston Hammertime : RHP Andrés Rivera
Batting: LHB John Foster 0-0: Called Strike
0-1: Foul Ball, location: 2F
0-2: Ball
1-2: Foul Ball, location: 2F
1-2: Ball
2-2: Strikes out looking
Batting: RHB Javier Ramírez 0-0: Ball
1-0: Foul Ball, location: 2F
1-1: Ball
2-1: Foul Ball, location: 2F
2-2: Strikes out swinging
Batting: RHB Madidou El Sayed 0-0: Foul Ball, location: 2F
0-1: Foul Ball, location: 2F
0-2: Ball
1-2: Strikes out looking
Bottom of the 2nd over - 0 run(s), 0 hit(s), 0 error(s), 0 left on base; Houston 6 - San Jose 0
TOP OF THE 3RD
Houston Hammertime batting - Pitching for San Jose Missions : RHP Bob Cunningham
Batting: RHB Moo-hyun Pak 0-0: Ball
1-0: Ball
2-0: Foul Ball, location: 2F
2-1: Foul Ball, location: 2F
2-2: Fly out, F8 (Flyball, 8RXD)
Batting: LHB Fernando Camacho 0-0: Ball
1-0: Foul Ball, location: 2F
1-1: Ground out 4-3 (Groundball, 4)
Batting: RHB Santo Cruz 0-0: Ball
1-0: Called Strike
1-1: Called Strike
1-2: Ball
2-2: Ball
3-2: SINGLE (Flyball, 9LS)
Batting: RHB Domingo Matos 0-0: Ball
1-0: Ball
2-0: Ball
Wild Pitch!
Santo Cruz to second
3-0: Base on Balls
Batting: LHB Bryce Hopkins 0-0: SINGLE (Groundball, 34D) (infield hit)
Santo Cruz to third
Domingo Matos to second
Batting: SHB Cristo Ontiveros 0-0: Ball
1-0: Fly out, F8 (Flyball, 78D)
Top of the 3rd over - 0 run(s), 2 hit(s), 0 error(s), 3 left on base; Houston 6 - San Jose 0
BOTTOM OF THE 3RD
San Jose Missions batting - Pitching for Houston Hammertime : RHP Andrés Rivera
Batting: RHB Bobby Brewster 0-0: Ball
1-0: Foul Ball, location: 2F
1-1: Swinging Strike
1-2: SINGLE (Flyball, 9S)
Batting: RHB Elliott Rucker 0-0: SINGLE (Groundball, 6M)
Bobby Brewster to second
Batting: RHB Luis Antonio Rosas 0-0: Called Strike
0-1: Ball
1-1: Foul Ball, location: 2F
1-2: Strikes out swinging
Batting: RHB Joe Broadhead 0-0: SINGLE (Groundball, 34)
Bobby Brewster to third
Elliott Rucker to second
Batting: LHB Miguel Montés 0-0: SINGLE (Line Drive, 34D)
Bobby Brewster scores
Elliott Rucker to third
Joe Broadhead to second
Batting: RHB Armando López 0-0: SINGLE (Line Drive, 9S)
Elliott Rucker scores
Joe Broadhead to third
Miguel Montés to second
Batting: LHB John Foster 0-0: Called Strike
0-1: Ball
1-1: Foul Ball, location: 2F
1-2: Fielders Choice at 2nd, 4-6 (Groundball, 4)
Joe Broadhead scores
Miguel Montés to third
Batting: RHB Javier Ramírez 0-0: Foul Ball, location: 2F
0-1: Foul Ball, location: 2F
0-2: Ball
1-2: Foul Ball, location: 2F
1-2: Fielders Choice at 2nd, 5-4 (Groundball, 56)
Bottom of the 3rd over - 3 run(s), 5 hit(s), 0 error(s), 1 left on base; Houston 6 - San Jose 3
TOP OF THE 4TH
Houston Hammertime batting - Pitching for San Jose Missions : RHP Bob Cunningham
Batting: RHB Earl Wiggins 0-0: Ground out 4-3 (Groundball, 4M)
Batting: RHB Raúl Salas 0-0: Ball
1-0: Ball
2-0: Ball
3-0: Called Strike
3-1: DOUBLE (Flyball, 9LD)
Pitching: RHP Raúl Hernández
Batting: LHB Pat Jones 0-0: Ball
1-0: Ball
2-0: Ball
3-0: Base on Balls
Batting: RHB Moo-hyun Pak 0-0: Called Strike
0-1: Fly out, F2 (Popup, 23F)
Batting: LHB Fernando Camacho 0-0: Ball
1-0: Fly out, F9 (Flyball, 9M)
Top of the 4th over - 0 run(s), 1 hit(s), 0 error(s), 2 left on base; Houston 6 - San Jose 3
BOTTOM OF THE 4TH
San Jose Missions batting - Pitching for Houston Hammertime : RHP Andrés Rivera
Batting: RHB Madidou El Sayed 0-0: Ball
1-0: Ground out 1-3 (Groundball, 23)
Batting: RHB Bobby Brewster 0-0: Foul Ball, location: 2F
0-1: Ball
1-1: Foul Ball, location: 2F
1-2: Strikes out swinging
Batting: RHB Elliott Rucker 0-0: Ball
1-0: Called Strike
1-1: Ball
2-1: SINGLE (Flyball, 9S) - OUT at second base trying to stretch hit.
Bottom of the 4th over - 0 run(s), 1 hit(s), 0 error(s), 0 left on base; Houston 6 - San Jose 3
TOP OF THE 5TH
Houston Hammertime batting - Pitching for San Jose Missions : RHP Raúl Hernández
Batting: RHB Santo Cruz 0-0: Ball
1-0: Ball
2-0: Called Strike
2-1: Ground out 6-3 (Groundball, 6)
Batting: RHB Domingo Matos 0-0: Foul Ball, location: 2F
0-1: Called Strike
0-2: Ball
1-2: Foul Ball, location: 2F
1-2: Strikes out swinging, 2-3 out at first.
Batting: LHB Bryce Hopkins 0-0: SINGLE (Popup, 78S)
Batting: SHB Cristo Ontiveros 0-0: Ball
1-0: Fly out, F9 (Flyball, 89D)
Top of the 5th over - 0 run(s), 1 hit(s), 0 error(s), 1 left on base; Houston 6 - San Jose 3
BOTTOM OF THE 5TH
San Jose Missions batting - Pitching for Houston Hammertime : RHP Andrés Rivera
Batting: RHB Luis Antonio Rosas 0-0: Ball
1-0: Foul Ball, location: 2F
1-1: SINGLE (Groundball, 4M)
Batting: RHB Joe Broadhead 0-0: Ball
1-0: Called Strike
1-1: Ball
2-1: Ball
3-1: Fly out, F8 (Flyball, 8LM)
Batting: LHB Miguel Montés 0-0: Called Strike
0-1: Ball
1-1: SINGLE (Groundball, 6MD)
Luis Antonio Rosas to second
Batting: RHB Armando López 0-0: Grounds into double play, 5-4-3 (Groundball, 56)
Bottom of the 5th over - 0 run(s), 2 hit(s), 0 error(s), 1 left on base; Houston 6 - San Jose 3
TOP OF THE 6TH
Houston Hammertime batting - Pitching for San Jose Missions : RHP Raúl Hernández
Batting: RHB Earl Wiggins 0-0: Ball
1-0: Called Strike
1-1: Ball
2-1: Ball
3-1: Foul Ball, location: 2F
3-2: Foul Ball, location: 2F
3-2: Base on Balls
Batting: RHB Raúl Salas 0-0: Called Strike
0-1: Swinging Strike
0-2: Fly out, F3 (Popup, 3SF)
Batting: LHB Pat Jones 0-0: Ball
1-0: Ball
2-0: Called Strike
2-1: Called Strike
2-2: Strikes out swinging
Batting: RHB Moo-hyun Pak 0-0: Foul Ball, location: 2F
0-1: Ball
1-1: Ball
2-1: Foul Ball, location: 2F
2-2: Foul Ball, location: 2F
2-2: Ground out 5-3 (Groundball, 5S)
Top of the 6th over - 0 run(s), 0 hit(s), 0 error(s), 1 left on base; Houston 6 - San Jose 3
BOTTOM OF THE 6TH
San Jose Missions batting - Pitching for Houston Hammertime : RHP Andrés Rivera
Batting: LHB John Foster 0-0: Ball
1-0: Ball
2-0: Ground out U3 (Groundball, 3S)
Batting: RHB Javier Ramírez 0-0: Swinging Strike
0-1: Ball
1-1: Called Strike
1-2: Ball
2-2: Ball
3-2: Foul Ball, location: 2F
3-2: TRIPLE (Flyball, 7LS)
Pitching: RHP António Mata
Batting: RHB Madidou El Sayed 0-0: Ball
1-0: Ball
2-0: Called Strike
2-1: Ball
3-1: Foul Ball, location: 2F
3-2: Strikes out swinging
Batting: RHB Bobby Brewster 0-0: Ball
1-0: Called Strike
1-1: Foul Ball, location: 2F
1-2: DOUBLE (Line Drive, 9LM)
Javier Ramírez scores
Batting: RHB Elliott Rucker 0-0: Ball
1-0: Foul Ball, location: 2F
1-1: Foul Ball, location: 2F
1-2: Foul Ball, location: 2F
1-2: Ball
2-2: Strikes out swinging
Bottom of the 6th over - 1 run(s), 2 hit(s), 0 error(s), 1 left on base; Houston 6 - San Jose 4
TOP OF THE 7TH
Houston Hammertime batting - Pitching for San Jose Missions : RHP Raúl Hernández
Pitching: LHP Robert Flannery
Batting: LHB Fernando Camacho 0-0: Ball
1-0: Ground out U3 (Groundball, 3)
Batting: RHB Santo Cruz 0-0: Called Strike
0-1: Called Strike
0-2: Ground out 6-3 (Groundball, 6MD)
Batting: RHB Domingo Matos 0-0: Called Strike
0-1: SINGLE (Line Drive, 89S)
Batting: LHB Bryce Hopkins 0-0: Ball
1-0: Swinging Strike
1-1: Called Strike
1-2: Foul Ball, location: 2F
1-2: Foul Ball, location: 2F
1-2: Strikes out swinging
Top of the 7th over - 0 run(s), 1 hit(s), 0 error(s), 1 left on base; Houston 6 - San Jose 4
BOTTOM OF THE 7TH
San Jose Missions batting - Pitching for Houston Hammertime : RHP António Mata
Batting: RHB Luis Antonio Rosas 0-0: Ball
1-0: Ball
2-0: Foul Ball, location: 2F
2-1: Swinging Strike
2-2: Strikes out looking
Batting: RHB Joe Broadhead 0-0: Ground out 5-3 (Groundball, 56)
Batting: LHB Miguel Montés 0-0: Ball
1-0: Ball
2-0: Foul Ball, location: 2F
2-1: Ball
3-1: Swinging Strike
3-2: Foul Ball, location: 2F
3-2: Foul Ball, location: 2F
3-2: Ground out 4-3 (Groundball, 4)
Bottom of the 7th over - 0 run(s), 0 hit(s), 0 error(s), 0 left on base; Houston 6 - San Jose 4
TOP OF THE 8TH
Houston Hammertime batting - Pitching for San Jose Missions : LHP Robert Flannery
Batting: SHB Cristo Ontiveros 0-0: Ball
1-0: Foul Ball, location: 2F
1-1: Ball
2-1: Ball
3-1: Base on Balls
Batting: RHB Earl Wiggins 0-0: Ball
1-0: Called Strike
1-1: Swinging Strike
1-2: Strikes out looking
Batting: RHB Raúl Salas 0-0: Ball
1-0: Swinging Strike
1-1: Foul Ball, location: 2F
1-2: 2-RUN HOME RUN (Flyball, 8LXD), Distance : 443 ft
Pitching: RHP Lorenzo Diéguez
Batting: LHB Pat Jones 0-0: Called Strike
0-1: Foul Ball, location: 2F
0-2: Ground out U3 (Groundball, 3S)
Batting: RHB Moo-hyun Pak 0-0: Ball
1-0: Ball
2-0: Ball
3-0: Called Strike
3-1: Swinging Strike
3-2: Base on Balls
Batting: LHB Fernando Camacho 0-0: Ball
1-0: Ball
2-0: Ball
3-0: Base on Balls
Moo-hyun Pak to second
Batting: RHB Santo Cruz 0-0: Called Strike
0-1: SINGLE (Line Drive, 8LS)
Moo-hyun Pak to third
Fernando Camacho to second
Batting: RHB Domingo Matos 0-0: Ground out 5-3 (Groundball, 5S)
Top of the 8th over - 2 run(s), 2 hit(s), 0 error(s), 3 left on base; Houston 8 - San Jose 4
BOTTOM OF THE 8TH
San Jose Missions batting - Pitching for Houston Hammertime : RHP António Mata
Batting: RHB Armando López 0-0: Called Strike
0-1: Ball
1-1: Ball
2-1: Ball
3-1: Base on Balls
Batting: LHB John Foster 0-0: Foul Ball, location: 2F
0-1: Ball
1-1: Foul Ball, location: 2F
1-2: Hit by Pitch
Armando López to second
Pitching: LHP Howard Bailey
Batting: RHB Javier Ramírez 0-0: Called Strike
0-1: Ball
1-1: Ball
2-1: Grounds into double play, 5-4-3 (Groundball, 5)
Armando López to third
Batting: RHB Madidou El Sayed 0-0: Foul Ball, location: 2F
0-1: Foul Ball, location: 2F
0-2: Strikes out looking
Bottom of the 8th over - 0 run(s), 0 hit(s), 0 error(s), 1 left on base; Houston 8 - San Jose 4
TOP OF THE 9TH
Houston Hammertime batting - Pitching for San Jose Missions : RHP Lorenzo Diéguez
Batting: LHB Bryce Hopkins 0-0: Foul Ball, location: 2F
0-1: Fly out, F9 (Flyball, 89S)
Batting: SHB Cristo Ontiveros 0-0: Called Strike
0-1: Swinging Strike
0-2: Strikes out swinging
Batting: RHB Earl Wiggins 0-0: Called Strike
0-1: Called Strike
0-2: Fly out, F3 (Popup, 3SF)
Top of the 9th over - 0 run(s), 0 hit(s), 0 error(s), 0 left on base; Houston 8 - San Jose 4
BOTTOM OF THE 9TH
San Jose Missions batting - Pitching for Houston Hammertime : LHP Howard Bailey
Pitching: RHP Stanley Edwards
Batting: RHB Bobby Brewster 0-0: Called Strike
0-1: Ground out 1-3 (Groundball, 13S)
Batting: RHB Elliott Rucker 0-0: Ball
1-0: Called Strike
1-1: Swinging Strike
1-2: Strikes out looking
Batting: RHB Luis Antonio Rosas 0-0: Called Strike
0-1: Fly out, F8 (Flyball, 8RXD)
Bottom of the 9th over - 0 run(s), 0 hit(s), 0 error(s), 0 left on base; Houston 8 - San Jose 4
This league is powered by Out of the Park Baseball, the baseball management simulation game for PC, Mac and Linux
Saturday, April 9th, 2016 - OOTP Baseball 16.8 Build 38